 Dungeon Crawl Stone Soup version 0.29-a0-451-gfbfa424 (webtiles) character file.

Game seed: 11736289689396743003

83 Toastz the Sneak (level 4, -1/44 HPs)
             Began as a Deep Dwarf Delver on May 19, 2022.
             Slain by an orc
             ... wielding a +0 war axe
              (8 damage)
             ... on level 3 of the Dungeon.
             The game lasted 00:06:02 (1651 turns).

Toastz the Sneak (Deep Dwarf Delver)                Turns: 1651, Time: 00:06:03

Health: -1/44      AC:  4    Str: 18    XL:     4   Next: 22%
Magic:  2/2        EV: 12    Int: 10    God:
Gold:   85         SH:  0    Dex: 20    Spells: 3/3 levels left

rFire   . . .      SeeInvis .   a - +0 hand axe
rCold   . . .      Faith    .   (no shield)
rNeg    . . .      Spirit   .   b - +0 leather armour
rPois   .          Reflect  .   p - +0 helmet
rElec   .          Harm     .   j - scarf {+Inv}
rCorr   .          Rampage  .   (no gloves)
Will    .....                   (no boots)
Stlth   +.........              (no amulet)
HPRegen 0.00/turn               m - +6 ring of dexterity
MPRegen 0.08/turn               (no ring)

@: confused
A: damage resistance, heal wounds, sense surroundings 1, no regeneration
a: Heal Wounds, Evoke Invisibility


You were on level 3 of the Dungeon.
You visited 1 branch of the dungeon, and saw 5 of its levels.

You collected 85 gold pieces.

Inventory:

Hand Weapons
 a - a +0 hand axe (weapon)
Missiles
 h - 130 stones (quivered)
Armour
 b - a +0 leather armour (worn)
 j - a scarf of invisibility (worn)
 p - a +0 helmet (worn)
Jewellery
 m - a +6 ring of dexterity (left hand)
Wands
 g - a wand of digging (1)
Scrolls
 c - a scroll of fog
 d - a scroll of teleportation {unknown}
 e - a scroll of fear
 i - a scroll of enchant armour {unknown}
 k - a scroll of amnesia {unknown}
 l - 2 scrolls of identify {unknown}
 o - 3 scrolls of immolation {unknown}
Potions
 f - 2 potions of haste
 n - a potion of curing {unknown}
 q - a potion of mutation {unknown}


   Skills:
 + Level 3.8 Fighting
 + Level 3.8 Axes
 - Level 2.1 Dodging
 - Level 6.0 Stealth


You had 3 spell levels left.
You didn't know any spells.
Your spell library was empty.

Dungeon Overview and Level Annotations

Branches:
Dungeon (5/15)
 Temple: D:4-7

Altars:
Cheibriados

Annotations:
D:2 Sigmund


Innate Abilities, Weirdness & Mutations

You are resistant to damage.
You can heal yourself by infusing magical energy.
You passively map a small area around you.
You do not regenerate.


Message History

You barely miss the orc. You barely miss the orc priest.
The orc priest hits you with a +0 short sword.
* * * LOW HITPOINT WARNING * * *
You hit the orc priest.
The orc priest is lightly wounded.
You completely miss the orc. You closely miss the orc wizard.
The orc priest begins to cast a cantrip, but forgets the words!
The orc wizard barely misses you. The orc hits you with a +0 war axe.
* * * LOW HITPOINT WARNING * * *
You feel much better.
The orc priest hits you but does no damage.
The orc wizard hits you but does no damage.
The orc closely misses you.
You slash the orc priest!
The orc priest is severely wounded.
You closely miss the orc.
You hit the orc wizard but do no damage.
The orc priest hits you with a +0 short sword.
The orc barely misses you.
The orc wizard gestures at you while chanting.
The magic dart hits you.
* * * LOW HITPOINT WARNING * * *
You closely miss the orc priest.
The orc priest is severely wounded.
You closely miss the orc wizard. You hit the orc but do no damage.
The orc priest hits you with a +0 short sword!
* * * LOW HITPOINT WARNING * * *
The orc wizard points at you and mumbles some strange words.
You are confused.
The orc barely misses you.
The orc priest begins to cast a cantrip, but forgets the words!
The orc misses you.
The orc wizard hits you with a +0 dagger.
* * * LOW HITPOINT WARNING * * *
You hit the orc priest.
The orc priest is almost dead.
You hit the orc wizard. You hit the orc but do no damage.
The orc priest hits you with a +0 short sword.
The orc hits you with a +0 war axe!
You die...

# #.### ..........#
, ### ..... ,,
#######...# *
..##.....
..########...#*
#.......
.............#8
.......#
#####....<## ,
...###.#, #..#####
*
#..###.#.##.####.##
* ,*
#........##......#
*
#.####...##....o@#
* * #.#
#...#..####oo# #.#
##...#.#....o## * ,
#.###..........###
,, #.##...........#
#..............#
..###..........#
...##..........#
..........o...)#


You could see an orc priest, 2 orc wizards and an orc.

Vanquished Creatures
  Robin (D:2)
  An adder (D:2)
  A worm (D:2)
  5 dart slugs
  An orc (D:3)
  4 bats
  3 endoplasms
  11 goblins
  4 hobgoblins
  3 jackals (D:1)
  A kobold (D:1)
  6 ball pythons
  4 frilled lizards
  2 rats
47 creatures vanquished.

Vanquished Creatures (others)
  7 withered plants (D:1)
7 creatures vanquished.

Grand Total: 54 creatures vanquished

Notes
Turn   | Place    | Note
-------+----------+-------------------------------------------
     0 | D:5      | Toastz the Deep Dwarf Delver began the quest for the Orb.
     0 | D:5      | Reached XP level 1. HP: 20/20 MP: 1/1
    33 | D:4      | Noticed a gnoll shaman
    62 | D:3      | Noticed an orc wizard
    62 | D:3      | Noticed an orc wizard
    63 | D:3      | Noticed an orc priest
   131 | D:3      | Found a snail-covered altar of Cheibriados.
   196 | D:3      | Reached XP level 2. HP: 25/28 MP: 2/2
   218 | D:2      | Noticed Robin
   253 | D:2      | Killed Robin
   254 | D:2      | Reached XP level 3. HP: 23/34 MP: 2/2
   603 | D:1      | Found a faded altar of an unknown god.
   944 | D:1      | Reached XP level 4. HP: 37/44 MP: 3/3
  1226 | D:2      | Noticed Sigmund
  1647 | D:3      | HP: 2/44 [orc/+0 war axe (4)]
  1651 | D:3      | Slain by an orc

Illustrated notes

Levels and vault maps discovered:
D:1:      beargit_arrival_greenhouse, layout_basic,
          shapermc_ecumenical_altar_flowoftime
D:2:      layout_basic, uniq_robin, uniq_crazy_yiuf_cottage, uniq_sigmund
D:3:      layout_rooms, amcnicky_altar_gilded, elyvilon_altar_5,
          serial_corexii_hall, corexii_hall_statues_t,
          chequers_hall_statues_corner_a, corexii_hall_statues_t, serial_shops,
          nicolae_diamond_shop, kennysheep_doodads
D:4:      kennysheep_big_flooded_room, layout_basic,
          minmay_temple_entry_antechambers, st_stairs_8,
          nicolae_wooded_promenade
D:5:      layout_basic, nemelex_diamond_rough_becter, marbit_many_paths,
          minmay_diced_spiral

Skill      XL: |  1  2 |
---------------+-------+-----
Fighting       | 3 |  3.8
Axes           | 3 |  3.8
Dodging        | |  2.1
Stealth        | |  6.0

Action                   |  1- 3 |  4- 6 || total
-------------------------+-------+-------++-------
Melee: Hand axe          |   107 |    40 ||   147
       Punch             |       |     1 ||     1
Throw: Stone             |    13 |     6 ||    19
 Abil: Heal Wounds       |     3 |     2 ||     5
Evoke: Wand              |     1 |     1 ||     2
  Use: Scroll            |     1 |       ||     1
 Stab: Sleeping          |     8 |       ||     8
       Distracted        |       |     1 ||     1
Armor: Leather armour    |    26 |     7 ||    33
Dodge: Dodged            |    64 |    28 ||    92

Table legend: (Time is in decaauts)
 A = Elapsed time spent in this place.
 B = Non-inter-level travel time spent in this place.
 C = Inter-level travel time spent in this place.
 D = Time resting spent in this place.
 E = Time spent auto-exploring this place.
 F = Levels seen in this place.
 G = Mean time per level.
                   A        B        C        D        E       F      G
               +--------+--------+--------+--------+--------+-----+--------+
         Total |   1672 |   1545 |    127 |    200 |    635 |   5 |  334.4 |
       Dungeon |   1672 |   1545 |    127 |    200 |    635 |   5 |  334.4 |
               +--------+--------+--------+--------+--------+-----+--------+

Top non-repeatable levels by time:
     D:1: 910 daAuts
     D:2: 509 daAuts
     D:3: 211 daAuts
     D:4: 22 daAuts
     D:5: 17 daAuts
